 Dungeon Crawl Stone Soup version 0.31.0-10-gcf4a605ca0 (webtiles) character file.

Game seed: 12719672842455738511

1109 sanka the Basher (level 8, -1/66 HPs)
             Began as a Minotaur Fighter on Jan 25, 2024.
             Was a Follower of Okawaru.
             Slain by an iguana (9 damage)
             ... on level 5 of the Dungeon.
             The game lasted 00:05:12 (4185 turns).

sanka the Basher (Minotaur Fighter)                 Turns: 4185, Time: 00:05:13

Health: -1/66      AC:  9    Str: 22    XL:     8   Next: 11%
Magic:  7/7        EV:  9    Int:  5    God:    Okawaru [*.....]
Gold:   192        SH:  4    Dex: 11    Spells: 7/7 levels left

rFire   . . .        a - +0 flail
rCold   . . .        c - +0 buckler
rNeg    . . .        b - +0 scale mail
rPois   .            (helmet restricted)
rElec   .            p - scarf {shadows}
rCorr   .            g - +0 pair of gloves
SInv    .            k - +0 pair of boots
Will    .....        (no amulet) Stlth
                     (no ring)
HPRegen 0.31/turn    (no ring)
MPRegen 0.10/turn

%: no passive effects
@: no status effects
A: horns 2, retaliatory headbutt
a: Renounce Religion, Heroism


You were on level 5 of the Dungeon.
You worshipped Okawaru.
Okawaru was aware of your devotion.
You visited 1 branch of the dungeon, and saw 5 of its levels.

You collected 192 gold pieces.


Innate Abilities, Weirdness & Mutations

You have a pair of horns on your head.
You reflexively headbutt those who attack you in melee.


   Skills:
 - Level 4.0 Fighting
 + Level 11.5 Maces & Flails
 - Level 3.6 Armour
 - Level 3.6 Shields


You had 7 spell levels left.
You didn't know any spells.
Your spell library contained the following spells:

 Spells                   Type           Power      Damage    Failure   Level
 Necrotise                Necr           0%         1d4       86%         1
 Vampiric Draining        Necr           0%         2d6       99%         3
 Curse of Agony           Necr           0%         N/A       100%        5
 Martyr's Knell           Necr/Summ      Unusable   N/A       N/A         4

Inventory:

Hand Weapons
 a - a +0 flail (weapon)
 u - a +3 war axe of flaming
Missiles
 o - 6 javelins (quivered)
Armour
 b - a +0 scale mail (worn)
 c - a +0 buckler (worn)
 g - a +0 pair of gloves (worn)
 k - a +0 pair of boots (worn)
 p - a scarf of shadows (worn)
 q - a +0 kite shield
Jewellery
 i - a ring of positive energy
 B - a ring of resist corrosion
Wands
 r - a wand of iceblast (11)
Scrolls
 e - a scroll of poison {unknown}
 f - 3 scrolls of identify {unknown}
 h - a scroll of revelation {unknown}
 l - 2 scrolls of enchant weapon {unknown}
 m - 6 scrolls of teleportation {unknown}
 t - a scroll of amnesia {unknown}
 x - a scroll of silence {unknown}
 y - a scroll of fog {unknown}
Potions
 d - 3 potions of might
 j - 3 potions of brilliance
 n - a potion of enlightenment {unknown}
 s - 2 potions of ambrosia {unknown}
 v - 2 potions of curing {@q1}
 w - a potion of degeneration {unknown}
 z - 2 potions of lignification {unknown}
 A - a potion of resistance {unknown}

Dungeon Overview and Level Annotations

Branches:
Dungeon (5/15)             Temple (0/1) D:5

Altars:
Dithmenos
Elyvilon
Hepliaklqana
Nemelex Xobeh
Okawaru
Ru
Trog
Uskayaw

.. ▒▒ ▒.. "..▒ ▒▒▒▒▒.
▒▒..▒▒..▒ ▒...▒
+............... ▒...
▒............... ▒▒▒..
▒..▒▒..▒▒..▒▒...
...'▒▒▒..▒▒..▒▒..▒▒...
▒.l........▒▒..▒▒...
▒.cH..)....▒▒..▒▒...
▒..............▒▒'▒▒
▒..............▒▒...
▒.▒▒▒▒▒▒▒▒+▒▒.......
▒▒ ▒▒▒▒▒... ▒... ▒▒+▒


You could see a centaur and an iguana.


Message History

The iguana barely misses you.
Unknown command.
You hit the centaur.
The centaur is heavily wounded.
You block the centaur's attack. The centaur completely misses you.
The centaur hits you.
* * * LOW HITPOINT WARNING * * *
The centaur kicks you.
* * * LOW HITPOINT WARNING * * *
You sock the centaur!
The centaur is severely wounded.
You block the iguana's attack. You block the centaur's attack.
The centaur barely misses you.
Unknown command.
You barely miss the centaur.
The centaur is severely wounded.
The centaur hits you but does no damage.
The centaur kicks you.
* * * LOW HITPOINT WARNING * * *
The iguana bites you.
* * * LOW HITPOINT WARNING * * *
Unknown command.
You barely miss the centaur.
The centaur is severely wounded.
The centaur hits you but does no damage.
The centaur kicks you but does no damage.
The iguana bites you!
You die...

Action                     |  1- 3 |  4- 6 |  7- 9 || total
---------------------------+-------+-------+-------++-------
  Melee: Flail             |    84 |   173 |    85 ||   342
         Headbutt          |    12 |    24 |    14 ||    50
    Use: Potion            |       |       |     2 ||     2
 Armour: Scale mail        |    66 |   102 |    58 ||   226
  Dodge: Dodged            |    44 |    62 |    35 ||   141
  Block: Buckler           |    26 |    27 |    19 ||    72

Levels and vault maps discovered:
D:1:      minmay_arrival_glassed_features, layout_basic, minivault_14
D:2:      layout_basic, serial_corexii_hall, corexii_hall_statues_l,
          corexii_hall_statues_t, chequers_hall_statues_corner_a,
          chequers_hall_statues_y, eino_tiny_chamber,
          amcnicky_mini_rare_corridor_liquid, nicolae_grassy_gnolls,
          uniq_sigmund
D:3:      layout_basic, riverfiend_overflow_shadow_ancestor,
          mainiacjoe_overflow_catwalk, overflow_temple_1_default,
          ebering_ecumenical_altar_abandoned, roderic_serpentine_path,
          uniq_ijyb, uniq_robin
D:4:      layout_basic, nemelex_diamond_rough_becter,
          grunt_temple_overflow_diamond, kennysheep_generic_room_16
D:5:      layout_gridville, minmay_temple_entry_stoned_glass,
          nicolae_shop_i_like_small_books_too, hex_large, minmay_circle_x

Notes
Turn   | Place    | Note
-------+----------+-------------------------------------------
     0 | D:1      | sanka the Minotaur Fighter began the quest for the Orb.
     0 | D:1      | Reached XP level 1. HP: 19/19 MP: 0/0
   128 | D:1      | Reached skill level 4 in Fighting
   128 | D:1      | Reached skill level 3 in Maces & Flails
   128 | D:1      | Reached XP level 2. HP: 27/27 MP: 1/1
   446 | D:1      | Reached skill level 4 in Maces & Flails
   446 | D:1      | Reached XP level 3. HP: 33/33 MP: 2/2
   985 | D:2      | Noticed Sigmund
  1011 | D:2      | Killed Sigmund
  1012 | D:2      | Reached skill level 7 in Maces & Flails
  1012 | D:2      | Reached XP level 4. HP: 22/40 MP: 3/3
  1012 | D:2      | Reached XP level 5. HP: 25/46 MP: 4/4
  1448 | D:2      | Reached XP level 6. HP: 43/52 MP: 5/5
  1996 | D:3      | Noticed Robin
  2045 | D:3      | Killed Robin
  2067 | D:3      | Found a hazy altar of Hepliaklqana.
  2068 | D:3      | Found a shadowy altar of Dithmenos.
  2068 | D:3      | Noticed a shadow
  2098 | D:3      | Reached skill level 8 in Maces & Flails
  2152 | D:3      | Noticed Ijyb
  2162 | D:3      | Killed Ijyb
  2373 | D:3      | Found a sacrificial altar of Ru.
  2479 | D:3      | Found an iron altar of Okawaru.
  2603 | D:3      | Found a faded altar of an unknown god.
  2715 | D:3      | Became a worshipper of Warmaster Okawaru
  2812 | D:4      | Reached skill level 9 in Maces & Flails
  2981 | D:4      | Found a hide-covered altar of Uskayaw.
  2985 | D:4      | Found a white marble altar of Elyvilon.
  2989 | D:4      | Found a bloodstained altar of Trog.
  3095 | D:4      | Reached XP level 7. HP: 54/56 MP: 6/6
  3392 | D:4      | Found a sparkling altar of Nemelex Xobeh.
  3592 | D:5      | Entered Level 5 of the Dungeon
  3607 | D:5      | Found a staircase to the Ecumenical Temple.
  3708 | D:5      | Reached skill level 10 in Maces & Flails
  3806 | D:5      | Reached * piety under Okawaru
  4155 | D:5      | Reached skill level 11 in Maces & Flails
  4163 | D:5      | Reached XP level 8. HP: 42/66 MP: 7/7
  4185 | D:5      | Slain by an iguana

Vanquished Creatures
  Sigmund (D:2)
  3 phantoms (D:5)
  2 scorpions
  A howler monkey (D:3)
  3 bombardier beetles (D:4)
  A jelly (D:5)
  2 hounds (D:5)
  3 iguanas
  Ijyb (D:3)
  Robin (D:3)
  6 gnolls (D:2)
  7 adders
  7 dart slugs
  5 orcs
  6 endoplasms
  6 giant cockroaches
  17 goblins
  13 hobgoblins
  10 jackals
  7 quokkas
  5 ball pythons
  5 bats
  7 frilled lizards
  4 kobolds
  6 rats
129 creatures vanquished.
